General information
- name: BNet
- type: Ladder team game (AT/RT)
- host: Battle.net
- saver: BEAR_AND
map: FullScaleAssault
- players: 8
- length: 127:46
- speed: Fast
- version: 1.21 W3XP
- replay type:

» download(847 KB)
Players
team 1 (loser)
goblin2501 (
orange | 25 APM | 3173 actions | 127:46)
4 Blademaster
2 Wind Walk
2 Critical Strike
» actions
| Assign group hotkey | 31 | |
| Basic commands | 17 | |
| Build / train | 120 | |
| Enter build submenu | 76 | |
| Enter hero's abilities submenu | 4 | |
| Remove unit from queue | 17 | |
| Right click | 1229 | |
| Select / deselect | 1337 | |
| Select group hotkey | 127 | |
| Use ability | 212 | |
3173 total
» units
| Peon | 21 | |
| Grunt | 9 | |
| Shaman | 7 | |
| Kodo Beast | 2 | |
| Troll Batrider | 11 | |
| Troll Headhunter/Berserker | -1 | |
| Tauren | 5 | |
| Wind Rider | 7 | |
| Demolisher | 13 | |
74 total
» upgrades
| Shaman Training | 2 | |
| Berserker Strength | 0 | |
| Ensnare | 1 | |
| War Drums Damage Increase | 1 | |
| Melee Weapons | 3 | |
| Pulverize | 1 | |
| Armor | 3 | |
| Reinforced Defenses | 1 | |
| Spiked Barricades | 3 | |
| Burning Oil | 1 | |
| Ranged Weapons | 3 | |
19 total
» buildings
| Altar of Storms | 1 | |
| Orc Burrow | 11 | |
| Barracks | 1 | |
| Stronghold | 1 | |
| Voodoo Lounge | 2 | |
| Spirit Lodge | 1 | |
| Beastiary | 1 | |
| Fortress | 1 | |
| Great Hall | 8 | |
| War Mill | 2 | |
| Watch Tower | 38 | |
| Tauren Totem | 1 | |
68 total
» build order
00:07 Altar of Storms
00:27 Orc Burrow
00:41 Barracks
02:36 Orc Burrow
03:42 Stronghold
04:01 Orc Burrow
04:27 Orc Burrow
05:00 Voodoo Lounge
06:12 Spirit Lodge
06:28 Beastiary
06:45 Orc Burrow
08:51 Fortress
09:15 Great Hall
10:05 War Mill
10:14 Orc Burrow
10:58 Orc Burrow
13:19 Watch Tower
13:26 Watch Tower
13:31 Watch Tower
14:14 Voodoo Lounge
14:24 Watch Tower
15:31 Tauren Totem
17:15 Orc Burrow
23:25 Watch Tower
23:28 Watch Tower
23:31 Watch Tower
24:01 Watch Tower
24:51 Watch Tower
24:55 Watch Tower
24:59 Watch Tower
25:43 Watch Tower
27:17 Watch Tower
27:21 Watch Tower
28:22 Watch Tower
28:25 Watch Tower
28:29 Watch Tower
29:59 Watch Tower
30:50 Watch Tower
31:03 Watch Tower
31:08 Watch Tower
31:19 Watch Tower
31:23 Watch Tower
32:11 Watch Tower
32:16 Watch Tower
32:25 Watch Tower
32:29 Watch Tower
33:14 Watch Tower
33:20 Watch Tower
33:34 Watch Tower
34:10 Watch Tower
34:26 Watch Tower
34:28 Watch Tower
34:34 Watch Tower
117:03 Great Hall
118:03 Great Hall
119:47 Great Hall
120:01 Great Hall
120:46 Great Hall
120:54 Great Hall
121:30 War Mill
121:57 Great Hall
122:47 Watch Tower
123:57 Watch Tower
124:17 Watch Tower
124:23 Watch Tower
125:06 Orc Burrow
125:49 Orc Burrow
127:35 Orc Burrow
» items
Icy.Knight (
teal | 40 APM | 5133 actions | 127:46)
3 Blood Mage
2 Flame Strike
1 Siphon Mana
2 Mountain King
1 Storm Bolt
1 Bash
» actions
| Assign group hotkey | 21 | |
| Basic commands | 52 | |
| Build / train | 167 | |
| ESC pressed | 2 | |
| Enter build submenu | 43 | |
| Enter hero's abilities submenu | 6 | |
| Right click | 3258 | |
| Select / deselect | 1214 | |
| Select group hotkey | 227 | |
| Use ability | 142 | |
5133 total
» units
| Peasant | 22 | |
| Footman | 9 | |
| Rifleman | 5 | |
| Mortar Team | 8 | |
| Flying Machine | 83 | |
| Knight | 2 | |
| Siege Engine | 2 | |
| Goblin Zeppelin | 1 | |
132 total
» upgrades
| Masonry | 3 | |
| Defend | 1 | |
| Gunpowder | 3 | |
| Flak Cannons | 1 | |
| Plating | 3 | |
| Animal War Training | 1 | |
| Lumber Harvesting | 1 | |
| Flying Machine Bombs | 1 | |
| Backpack | 1 | |
15 total
» buildings
| Altar of Kings | 1 | |
| Barracks | 1 | |
| Farm | 17 | |
| Lumber Mill | 2 | |
| Keep | 1 | |
| Scout Tower | 9 | |
| Guard Tower | 8 | |
| Town Hall | 2 | |
| Blacksmith | 1 | |
| Castle | 1 | |
| Workshop | 3 | |
| Arcane Vault | 1 | |
47 total
» build order
00:07 Altar of Kings
00:22 Barracks
00:31 Farm
01:17 Farm
01:53 Farm
02:29 Farm
02:44 Lumber Mill
03:23 Farm
04:16 Farm
04:50 Keep
04:54 Scout Tower
05:19 Farm
05:25 Guard Tower
05:27 Scout Tower
05:55 Guard Tower
05:57 Scout Tower
06:08 Farm
06:32 Guard Tower
06:34 Scout Tower
06:55 Scout Tower
07:38 Guard Tower
07:45 Town Hall
07:59 Blacksmith
08:00 Castle
08:46 Scout Tower
09:25 Workshop
09:28 Guard Tower
09:30 Scout Tower
10:12 Guard Tower
10:19 Scout Tower
10:58 Guard Tower
11:02 Scout Tower
11:32 Guard Tower
14:50 Farm
17:09 Farm
17:12 Farm
17:13 Farm
17:50 Farm
17:51 Farm
17:53 Farm
20:16 Farm
20:36 Lumber Mill
21:04 Workshop
21:07 Workshop
23:56 Farm
113:48 Arcane Vault
118:04 Town Hall
» items
| Staff of Teleportation | 1 | |
| Potion of Lesser Invulnerability | 1 | |
2 total
PhoKuz (
green | 34 APM | 4330 actions | 127:46)
4 Death Knight
2 Death Coil
2 Unholy Aura
4 Lich
2 Frost Nova
2 Frost Armor
2 Dreadlord
1 Sleep
1 Carrion Swarm
» actions
| Assign group hotkey | 20 | |
| Basic commands | 37 | |
| Build / train | 96 | |
| Enter build submenu | 41 | |
| Enter hero's abilities submenu | 10 | |
| Right click | 2665 | |
| Select / deselect | 1128 | |
| Select group hotkey | 131 | |
| Use ability | 199 | |
4330 total
» units
| Acolyte | 19 | |
| Ghoul | 16 | |
| Gargoyle | 7 | |
| Crypt Fiend | 6 | |
| Frost Wyrm | 11 | |
| Goblin Zeppelin | 1 | |
60 total
» upgrades
| Creature Attack | 3 | |
| Creature Carapace | 3 | |
| Web | 1 | |
| Freezing Breath | 1 | |
| Burrow | 1 | |
| Unholy Strength | 3 | |
| Ghoul Frenzy | 1 | |
| Stone Form | 1 | |
| Unholy Armor | 3 | |
| Cannibalize | 1 | |
18 total
» buildings
| Altar of Darkness | 1 | |
| Ziggurat | 16 | |
| Tomb of Relics | 1 | |
| Crypt | 2 | |
| Halls of the Dead | 1 | |
| Graveyard | 1 | |
| Necropolis | 2 | |
| Black Citadel | 1 | |
| Sacrificial Pit | 1 | |
| Boneyard | 2 | |
| Spirit Tower | 1 | |
29 total
» build order
00:11 Altar of Darkness
00:17 Ziggurat
01:13 Tomb of Relics
01:31 Crypt
01:34 Crypt
02:28 Ziggurat
03:19 Ziggurat
06:11 Ziggurat
06:15 Ziggurat
07:45 Halls of the Dead
09:07 Graveyard
09:56 Necropolis
11:35 Black Citadel
11:57 Sacrificial Pit
14:28 Boneyard
14:34 Boneyard
18:47 Ziggurat
18:50 Ziggurat
18:52 Ziggurat
33:30 Necropolis
37:54 Ziggurat
37:55 Ziggurat
37:57 Ziggurat
38:00 Ziggurat
38:02 Ziggurat
39:49 Spirit Tower
103:50 Ziggurat
103:52 Ziggurat
103:56 Ziggurat
» items
| Rod of Necromancy | 1 | |
| Scroll of Town Portal | 1 | |
2 total
the_zealot (
pink | 35 APM | 4493 actions | 127:46)
6 Priestess of the Moon
2 Searing Arrows
2 Trueshot Aura
1 Scout
1 Starfall
1 Keeper of the Grove
1 Entangling Roots
» actions
| Assign group hotkey | 27 | |
| Basic commands | 88 | |
| Build / train | 96 | |
| Enter build submenu | 33 | |
| Enter hero's abilities submenu | 8 | |
| Give item / drop item | 2 | |
| Remove unit from queue | 1 | |
| Right click | 2520 | |
| Select / deselect | 1110 | |
| Select group hotkey | 406 | |
| Use ability | 200 | |
4493 total
» units
| Wisp | 52 | |
| Archer | 4 | |
| Chimaera | 10 | |
| Goblin Zeppelin | 2 | |
| Blue Dragon | 1 | |
69 total
» upgrades
| Strength of the Wild | 3 | |
| Reinforced Hides | 3 | |
| Corrosive Breath | 1 | |
| Ultravision | 1 | |
| Well Spring | 1 | |
| Nature's Blessing | 1 | |
10 total
» buildings
| Altar of Elders | 2 | |
| Moon Well | 10 | |
| Ancient of War | 1 | |
| Tree of Ages | 1 | |
| Ancient of Wonders | 1 | |
| Tree of Eternity | 1 | |
| Ancient of Wind | 1 | |
| Chimaera Roost | 2 | |
| Hunter's Hall | 2 | |
| Tree of Life | 5 | |
| Ancient Protector | 6 | |
32 total
» build order
00:22 Altar of Elders
00:36 Moon Well
00:49 Ancient of War
01:43 Moon Well
02:37 Moon Well
04:52 Tree of Ages
05:00 Ancient of Wonders
05:05 Moon Well
06:37 Moon Well
07:13 Tree of Eternity
07:19 Ancient of Wind
09:36 Chimaera Roost
09:38 Chimaera Roost
09:50 Hunter's Hall
09:52 Hunter's Hall
10:13 Moon Well
11:37 Moon Well
14:57 Tree of Life
17:00 Tree of Life
19:25 Moon Well
23:01 Moon Well
23:45 Moon Well
23:55 Tree of Life
27:00 Tree of Life
29:02 Altar of Elders
31:38 Tree of Life
40:57 Ancient Protector
102:14 Ancient Protector
102:45 Ancient Protector
102:47 Ancient Protector
102:56 Ancient Protector
102:59 Ancient Protector
» items
| Orb of Venom | 1 | |
| Orb of Lightning | 1 | |
| Scroll of Town Portal | 1 | |
| Boots of Speed | 1 | |
| Staff of Teleportation | 1 | |
5 total
team 2 (winner)
BEAR_AND (
red | 90 APM | 11508 actions | 127:46)
8 Warden
3 Shadow Strike
3 Blink
2 Fan of Knives
7 Demon Hunter
3 Mana Burn
3 Evasion
1 Metamorphosis
» actions
| Assign group hotkey | 7 | |
| Basic commands | 6 | |
| Build / train | 91 | |
| Enter build submenu | 13 | |
| Enter hero's abilities submenu | 17 | |
| Give item / drop item | 14 | |
| Remove unit from queue | 3 | |
| Right click | 7506 | |
| Select / deselect | 732 | |
| Select group hotkey | 2683 | |
| Use ability | 427 | |
11508 total
» units
| Wisp | 29 | |
| Blue Dragon | 2 | |
| Goblin Zeppelin | 2 | |
33 total
» upgrades
| Ultravision | 1 | |
| Nature's Blessing | 1 | |
| Corrosive Breath | 1 | |
| Strength of the Wild | 3 | |
| Reinforced Hides | 3 | |
| Well Spring | 1 | |
10 total
» buildings
| Moon Well | 3 | |
| Altar of Elders | 1 | |
| Tree of Ages | 3 | |
| Hunter's Hall | 2 | |
| Ancient of Wonders | 1 | |
| Tree of Life | 1 | |
| Tree of Eternity | 1 | |
| Ancient of Wind | 1 | |
| Chimaera Roost | 2 | |
15 total
» build order
00:30 Moon Well
00:39 Altar of Elders
01:19 Moon Well
01:51 Moon Well
03:57 Tree of Ages
03:58 Tree of Ages
04:53 Hunter's Hall
05:22 Hunter's Hall
06:43 Ancient of Wonders
07:04 Tree of Life
08:21 Tree of Eternity
13:35 Ancient of Wind
15:29 Chimaera Roost
15:30 Chimaera Roost
» items
| Healing Salve | 4 | |
| Lesser Clarity Potion | 3 | |
| Staff of Preservation | 1 | |
| Orb of Lightning | 1 | |
| Orb of Venom | 1 | |
| Boots of Speed | 1 | |
| Staff of Teleportation | 2 | |
| Potion of Lesser Invulnerability | 5 | |
| Staff of Sanctuary | 1 | |
| Scroll of Town Portal | 4 | |
23 total
bLinn (
yellow | 80 APM | 10192 actions | 127:46)
8 Blademaster
3 Wind Walk
3 Critical Strike
1 Bladestorm
1 Mirror Image
2 Goblin Alchemist
1 Healing Spray
1 Chemical Rage
» actions
| Assign group hotkey | 767 | |
| Basic commands | 74 | |
| Build / train | 126 | |
| Enter build submenu | 72 | |
| Enter hero's abilities submenu | 11 | |
| Give item / drop item | 5 | |
| Remove unit from queue | 8 | |
| Right click | 6407 | |
| Select / deselect | 970 | |
| Select group hotkey | 1129 | |
| Use ability | 622 | |
10192 total
» units
| Peon | 13 | |
| Troll Batrider | 30 | |
| Kodo Beast | 15 | |
| Demolisher | 1 | |
| Goblin Zeppelin | 3 | |
62 total
» upgrades
| Spiked Barricades | 3 | |
| Reinforced Defenses | 1 | |
| Armor | 4 | |
| Ranged Weapons | 3 | |
| Liquid Fire | 1 | |
| Burning Oil | 1 | |
13 total
» buildings
| Altar of Storms | 1 | |
| Orc Burrow | 7 | |
| War Mill | 1 | |
| Watch Tower | 65 | |
| Voodoo Lounge | 4 | |
| Stronghold | 2 | |
| Fortress | 3 | |
| Beastiary | 2 | |
| Great Hall | 1 | |
| Barracks | 1 | |
87 total
» build order
00:01 Altar of Storms
00:10 Orc Burrow
00:29 War Mill
01:46 Watch Tower
02:00 Watch Tower
02:37 Orc Burrow
02:50 Watch Tower
02:54 Watch Tower
03:01 Watch Tower
03:58 Watch Tower
04:08 Voodoo Lounge
04:10 Stronghold
04:11 Stronghold
04:44 Watch Tower
05:25 Watch Tower
05:50 Watch Tower
06:10 Orc Burrow
06:32 Watch Tower
06:34 Watch Tower
07:00 Watch Tower
07:03 Fortress
07:03 Fortress
07:04 Fortress
07:06 Beastiary
07:06 Beastiary
07:13 Voodoo Lounge
07:57 Watch Tower
08:12 Watch Tower
09:14 Watch Tower
09:24 Watch Tower
09:36 Watch Tower
10:00 Watch Tower
10:01 Watch Tower
10:02 Watch Tower
10:05 Watch Tower
10:13 Watch Tower
10:14 Watch Tower
10:24 Watch Tower
10:25 Watch Tower
10:40 Watch Tower
10:41 Watch Tower
10:46 Watch Tower
12:23 Watch Tower
12:26 Watch Tower
12:27 Watch Tower
12:44 Watch Tower
12:45 Watch Tower
12:51 Orc Burrow
13:43 Voodoo Lounge
13:44 Voodoo Lounge
14:02 Watch Tower
14:04 Watch Tower
15:08 Watch Tower
15:09 Watch Tower
15:17 Watch Tower
15:19 Watch Tower
16:24 Watch Tower
16:25 Watch Tower
16:25 Watch Tower
16:26 Watch Tower
18:10 Great Hall
18:47 Watch Tower
18:48 Watch Tower
18:49 Watch Tower
18:49 Watch Tower
27:25 Watch Tower
27:26 Watch Tower
27:27 Watch Tower
27:29 Watch Tower
27:30 Watch Tower
27:35 Watch Tower
27:36 Watch Tower
27:37 Watch Tower
27:38 Watch Tower
27:39 Watch Tower
27:39 Watch Tower
27:40 Watch Tower
27:40 Watch Tower
27:41 Watch Tower
27:41 Watch Tower
27:42 Watch Tower
27:43 Watch Tower
30:50 Barracks
33:00 Watch Tower
72:14 Orc Burrow
72:17 Orc Burrow
72:19 Orc Burrow
» items
| Healing Salve | 2 | |
| Lesser Clarity Potion | 2 | |
| Staff of Teleportation | 1 | |
| Boots of Speed | 2 | |
| Orb of Lightning | 1 | |
| Staff of Sanctuary | 1 | |
| Staff of Preservation | 1 | |
| Tiny Great Hall | 1 | |
| Potion of Lesser Invulnerability | 2 | |
| Scroll of Town Portal | 1 | |
| Potion of Healing | 1 | |
15 total
iggy_the_fisk (
purple | 82 APM | 10495 actions | 127:46)
8 Mountain King
3 Storm Bolt
3 Bash
1 Avatar
1 Thunder Clap
7 Paladin
3 Holy Light
3 Divine Shield
1 Devotion Aura
6 Pandaren Brewmaster
3 Breath of Fire
3 Drunken Haze
» actions
| Assign group hotkey | 181 | |
| Basic commands | 86 | |
| Build / train | 171 | |
| Enter build submenu | 128 | |
| Enter hero's abilities submenu | 21 | |
| Give item / drop item | 15 | |
| Right click | 5269 | |
| Select / deselect | 789 | |
| Select group hotkey | 3120 | |
| Use ability | 714 | |
10495 total
» units
| Peasant | 17 | |
| Dragonhawk Rider | 10 | |
| Goblin Zeppelin | 11 | |
38 total
» upgrades
| Masonry | 3 | |
| Lumber Harvesting | 2 | |
| Magic Sentry | 1 | |
| Swords | 3 | |
| Armor | 3 | |
| Animal War Training | 1 | |
| Cloud | 1 | |
| Priest Training | 1 | |
| Sorceress Training | 1 | |
| Control Magic | 1 | |
17 total
» buildings
| Altar of Kings | 1 | |
| Lumber Mill | 6 | |
| Farm | 5 | |
| Scout Tower | 124 | |
| Guard Tower | 55 | |
| Arcane Tower | 8 | |
| Arcane Vault | 12 | |
| Keep | 1 | |
| Town Hall | 1 | |
| Castle | 1 | |
| Arcane Sanctum | 2 | |
| Gryphon Aviary | 1 | |
| Barracks | 1 | |
| Blacksmith | 1 | |
219 total
» build order
00:08 Altar of Kings
00:20 Lumber Mill
00:27 Farm
01:17 Farm
01:40 Scout Tower
01:58 Scout Tower
02:22 Guard Tower
02:24 Scout Tower
02:28 Arcane Tower
02:30 Scout Tower
02:38 Arcane Vault
02:53 Guard Tower
02:55 Scout Tower
03:14 Guard Tower
03:16 Scout Tower
03:35 Scout Tower
03:35 Guard Tower
03:41 Farm
03:45 Guard Tower
03:47 Scout Tower
04:11 Guard Tower
04:12 Scout Tower
04:57 Guard Tower
04:59 Scout Tower
05:01 Scout Tower
05:58 Keep
06:00 Scout Tower
06:02 Scout Tower
06:23 Guard Tower
06:25 Scout Tower
06:27 Scout Tower
06:39 Arcane Tower
07:16 Town Hall
07:20 Scout Tower
07:21 Scout Tower
07:27 Guard Tower
07:29 Guard Tower
07:30 Arcane Vault
07:34 Guard Tower
07:36 Scout Tower
07:59 Arcane Tower
08:15 Guard Tower
08:17 Scout Tower
08:27 Castle
08:31 Guard Tower
09:20 Arcane Sanctum
09:27 Arcane Vault
09:29 Guard Tower
09:30 Scout Tower
09:59 Guard Tower
10:02 Scout Tower
10:35 Scout Tower
10:36 Scout Tower
11:10 Scout Tower
11:31 Guard Tower
11:33 Scout Tower
12:26 Guard Tower
12:29 Gryphon Aviary
12:33 Scout Tower
12:42 Guard Tower
12:44 Scout Tower
12:46 Scout Tower
12:46 Scout Tower
13:36 Guard Tower
13:41 Scout Tower
13:42 Scout Tower
13:43 Scout Tower
13:44 Scout Tower
13:57 Barracks
13:58 Blacksmith
15:34 Guard Tower
15:36 Scout Tower
15:38 Guard Tower
15:43 Scout Tower
15:44 Scout Tower
16:25 Scout Tower
16:26 Scout Tower
16:27 Scout Tower
16:28 Scout Tower
16:35 Guard Tower
16:36 Scout Tower
16:37 Scout Tower
16:40 Guard Tower
16:44 Scout Tower
16:45 Scout Tower
17:08 Guard Tower
17:08 Arcane Vault
17:51 Guard Tower
18:01 Scout Tower
18:02 Scout Tower
20:05 Guard Tower
20:06 Farm
20:07 Farm
20:13 Scout Tower
20:14 Scout Tower
20:16 Guard Tower
20:22 Scout Tower
21:03 Guard Tower
21:05 Arcane Vault
21:07 Arcane Vault
21:07 Arcane Vault
21:09 Arcane Vault
21:24 Scout Tower
21:25 Scout Tower
21:27 Guard Tower
21:30 Scout Tower
21:30 Scout Tower
22:19 Guard Tower
22:21 Scout Tower
22:22 Scout Tower
22:27 Guard Tower
22:29 Scout Tower
22:31 Scout Tower
23:22 Guard Tower
23:35 Guard Tower
23:39 Scout Tower
23:41 Scout Tower
24:22 Arcane Tower
24:28 Arcane Vault
24:30 Arcane Vault
24:36 Arcane Vault
25:55 Guard Tower
25:56 Scout Tower
25:58 Scout Tower
26:01 Scout Tower
26:05 Guard Tower
26:58 Guard Tower
28:16 Arcane Tower
28:18 Scout Tower
28:19 Scout Tower
28:20 Scout Tower
28:21 Scout Tower
28:21 Scout Tower
28:22 Scout Tower
28:23 Scout Tower
28:26 Scout Tower
28:28 Scout Tower
28:29 Scout Tower
28:30 Scout Tower
28:30 Scout Tower
28:31 Scout Tower
28:32 Scout Tower
28:33 Scout Tower
30:59 Arcane Sanctum
31:25 Arcane Tower
31:31 Guard Tower
31:52 Scout Tower
31:53 Scout Tower
31:56 Scout Tower
31:58 Scout Tower
32:51 Guard Tower
34:41 Scout Tower
35:02 Scout Tower
35:03 Scout Tower
35:05 Scout Tower
36:48 Guard Tower
36:50 Scout Tower
36:52 Scout Tower
36:54 Guard Tower
36:55 Scout Tower
36:58 Scout Tower
37:27 Guard Tower
37:28 Scout Tower
37:30 Scout Tower
37:33 Scout Tower
37:34 Scout Tower
37:35 Scout Tower
37:36 Scout Tower
37:38 Guard Tower
37:50 Scout Tower
37:51 Scout Tower
37:52 Scout Tower
37:53 Scout Tower
37:54 Scout Tower
38:02 Guard Tower
39:25 Scout Tower
39:26 Scout Tower
39:27 Scout Tower
39:28 Scout Tower
39:28 Scout Tower
39:29 Scout Tower
39:30 Scout Tower
39:31 Scout Tower
40:11 Guard Tower
40:42 Guard Tower
40:47 Scout Tower
40:48 Scout Tower
40:51 Guard Tower
40:53 Scout Tower
40:56 Guard Tower
41:01 Guard Tower
42:22 Guard Tower
42:26 Guard Tower
42:30 Guard Tower
42:32 Scout Tower
44:10 Guard Tower
44:14 Scout Tower
44:16 Scout Tower
46:30 Arcane Tower
46:37 Scout Tower
46:39 Scout Tower
46:40 Scout Tower
47:28 Guard Tower
48:26 Guard Tower
48:29 Arcane Vault
72:35 Lumber Mill
72:39 Lumber Mill
72:44 Lumber Mill
72:47 Lumber Mill
72:50 Lumber Mill
74:54 Scout Tower
77:12 Scout Tower
77:51 Scout Tower
92:45 Scout Tower
92:47 Scout Tower
93:49 Guard Tower
93:50 Scout Tower
93:51 Scout Tower
94:44 Arcane Tower
» items
| Boots of Speed | 3 | |
| Staff of Teleportation | 3 | |
| Scroll of Regeneration | 4 | |
| Lesser Clarity Potion | 2 | |
| Scroll of Town Portal | 6 | |
| Staff of Sanctuary | 3 | |
| Orb of Lightning | 2 | |
| Orb of Venom | 1 | |
| Healing Salve | 2 | |
| Circlet of Nobility | 1 | |
27 total
TIMG4STRok (
blue | 36 APM | 4627 actions | 127:46)
6 Archmage
3 Blizzard
2 Brilliance Aura
1 Mass Teleport
5 Mountain King
3 Storm Bolt
2 Bash
5 Paladin
3 Holy Light
2 Divine Shield
» actions
| Assign group hotkey | 13 | |
| Basic commands | 206 | |
| Build / train | 145 | |
| ESC pressed | 4 | |
| Enter build submenu | 80 | |
| Enter hero's abilities submenu | 16 | |
| Give item / drop item | 8 | |
| Right click | 1991 | |
| Select / deselect | 467 | |
| Select group hotkey | 1152 | |
| Use ability | 541 | |
4627 total
» units
| Peasant | 20 | |
| Goblin Zeppelin | 2 | |
| Sorceress | 2 | |
| Flying Machine | 22 | |
46 total
» upgrades
| Masonry | 3 | |
| Lumber Harvesting | 2 | |
| Magic Sentry | 1 | |
| Sorceress Training | 2 | |
| Gunpowder | 3 | |
| Flak Cannons | 1 | |
| Plating | 1 | |
| Flying Machine Bombs | 1 | |
14 total
» buildings
| Lumber Mill | 1 | |
| Altar of Kings | 1 | |
| Farm | 37 | |
| Scout Tower | 208 | |
| Arcane Tower | 2 | |
| Guard Tower | 46 | |
| Keep | 4 | |
| Town Hall | 3 | |
| Arcane Sanctum | 1 | |
| Castle | 1 | |
| Arcane Vault | 5 | |
| Blacksmith | 1 | |
| Workshop | 3 | |
313 total
» build order
00:14 Lumber Mill
00:35 Altar of Kings
00:37 Farm
01:10 Scout Tower
01:40 Scout Tower
01:47 Arcane Tower
01:48 Scout Tower
01:51 Farm
02:11 Guard Tower
02:30 Guard Tower
02:30 Guard Tower
02:30 Guard Tower
02:46 Scout Tower
02:47 Scout Tower
02:48 Scout Tower
02:58 Scout Tower
02:59 Scout Tower
02:59 Scout Tower
03:00 Scout Tower
03:01 Scout Tower
03:02 Scout Tower
03:28 Guard Tower
03:51 Guard Tower
05:55 Guard Tower
06:02 Keep
06:02 Keep
06:03 Keep
06:20 Scout Tower
06:29 Scout Tower
06:35 Scout Tower
06:35 Scout Tower
06:36 Scout Tower
06:37 Scout Tower
06:38 Scout Tower
06:56 Scout Tower
06:57 Scout Tower
06:57 Scout Tower
06:58 Scout Tower
07:11 Guard Tower
07:58 Town Hall
08:08 Guard Tower
08:28 Arcane Sanctum
09:02 Guard Tower
09:16 Scout Tower
09:17 Scout Tower
09:18 Scout Tower
09:19 Scout Tower
09:19 Scout Tower
10:11 Scout Tower
10:11 Scout Tower
10:13 Scout Tower
10:14 Scout Tower
10:15 Scout Tower
10:16 Scout Tower
10:17 Scout Tower
10:17 Scout Tower
10:19 Scout Tower
10:20 Scout Tower
10:21 Scout Tower
10:22 Scout Tower
10:24 Scout Tower
10:25 Scout Tower
10:27 Scout Tower
10:28 Scout Tower
10:29 Scout Tower
10:29 Scout Tower
10:30 Scout Tower
10:31 Scout Tower
10:32 Scout Tower
10:33 Scout Tower
10:34 Scout Tower
10:34 Scout Tower
10:37 Scout Tower
10:38 Scout Tower
10:38 Scout Tower
10:39 Scout Tower
11:01 Castle
11:06 Guard Tower
11:39 Guard Tower
11:41 Scout Tower
11:43 Scout Tower
11:44 Scout Tower
11:47 Scout Tower
11:48 Scout Tower
11:49 Scout Tower
11:49 Scout Tower
12:42 Guard Tower
13:35 Guard Tower
13:38 Arcane Vault
13:39 Arcane Vault
13:40 Arcane Vault
13:46 Guard Tower
13:59 Guard Tower
15:26 Guard Tower
15:48 Guard Tower
16:00 Scout Tower
16:01 Scout Tower
16:02 Scout Tower
16:02 Scout Tower
16:04 Scout Tower
16:05 Scout Tower
16:06 Scout Tower
16:06 Scout Tower
16:07 Scout Tower
16:08 Scout Tower
16:10 Scout Tower
16:11 Scout Tower
16:26 Guard Tower
17:15 Guard Tower
17:30 Guard Tower
19:32 Guard Tower
19:54 Scout Tower
19:55 Scout Tower
19:56 Scout Tower
19:56 Scout Tower
19:58 Scout Tower
19:58 Scout Tower
20:02 Scout Tower
20:03 Scout Tower
20:05 Scout Tower
20:06 Scout Tower
20:07 Scout Tower
20:09 Scout Tower
20:10 Scout Tower
20:11 Scout Tower
20:12 Scout Tower
20:13 Scout Tower
20:13 Scout Tower
20:14 Scout Tower
20:14 Scout Tower
20:16 Scout Tower
20:16 Scout Tower
21:16 Scout Tower
21:17 Scout Tower
21:18 Scout Tower
21:19 Scout Tower
21:19 Scout Tower
21:22 Scout Tower
21:23 Scout Tower
21:23 Scout Tower
21:41 Guard Tower
22:31 Guard Tower
23:12 Town Hall
23:20 Scout Tower
23:20 Scout Tower
23:21 Scout Tower
23:22 Scout Tower
23:23 Scout Tower
23:25 Scout Tower
23:25 Scout Tower
23:26 Scout Tower
23:28 Scout Tower
23:29 Scout Tower
23:30 Scout Tower
23:31 Scout Tower
23:31 Scout Tower
23:32 Scout Tower
23:33 Scout Tower
23:34 Scout Tower
23:34 Scout Tower
23:37 Scout Tower
23:37 Scout Tower
23:38 Scout Tower
23:46 Guard Tower
24:04 Arcane Vault
24:07 Guard Tower
25:35 Guard Tower
25:40 Guard Tower
25:49 Guard Tower
26:00 Guard Tower
26:48 Guard Tower
27:22 Scout Tower
27:23 Scout Tower
27:24 Scout Tower
27:26 Scout Tower
27:27 Scout Tower
27:28 Scout Tower
27:29 Scout Tower
27:30 Scout Tower
27:32 Scout Tower
27:32 Scout Tower
27:33 Scout Tower
27:36 Scout Tower
27:42 Scout Tower
27:42 Scout Tower
27:45 Scout Tower
27:48 Scout Tower
27:48 Scout Tower
27:49 Scout Tower
27:50 Scout Tower
27:51 Scout Tower
28:26 Guard Tower
30:41 Scout Tower
30:41 Scout Tower
30:45 Scout Tower
30:48 Scout Tower
30:50 Scout Tower
30:58 Scout Tower
31:01 Scout Tower
31:05 Guard Tower
31:35 Scout Tower
31:40 Guard Tower
31:57 Scout Tower
31:57 Scout Tower
32:04 Guard Tower
33:31 Scout Tower
33:32 Scout Tower
33:40 Scout Tower
33:43 Scout Tower
34:04 Scout Tower
34:09 Guard Tower
35:36 Guard Tower
35:36 Guard Tower
36:56 Guard Tower
38:23 Town Hall
38:28 Arcane Vault
38:31 Scout Tower
38:31 Scout Tower
38:32 Scout Tower
38:33 Scout Tower
38:34 Scout Tower
38:35 Scout Tower
38:36 Scout Tower
38:38 Scout Tower
38:38 Scout Tower
38:39 Scout Tower
38:40 Scout Tower
38:41 Scout Tower
38:41 Scout Tower
38:43 Scout Tower
38:44 Scout Tower
38:45 Scout Tower
38:45 Scout Tower
38:47 Scout Tower
38:47 Scout Tower
38:48 Scout Tower
38:52 Scout Tower
38:53 Scout Tower
38:54 Scout Tower
38:56 Scout Tower
38:57 Scout Tower
38:57 Scout Tower
38:59 Scout Tower
39:01 Scout Tower
39:30 Guard Tower
40:54 Scout Tower
41:22 Arcane Tower
41:48 Guard Tower
44:45 Scout Tower
44:47 Scout Tower
44:48 Scout Tower
44:49 Scout Tower
46:49 Guard Tower
46:52 Guard Tower
48:26 Scout Tower
48:27 Scout Tower
48:29 Scout Tower
48:29 Scout Tower
50:55 Guard Tower
52:04 Scout Tower
52:05 Scout Tower
52:06 Scout Tower
52:06 Scout Tower
52:08 Scout Tower
52:09 Scout Tower
52:10 Scout Tower
52:10 Scout Tower
52:13 Scout Tower
52:14 Scout Tower
52:15 Scout Tower
52:15 Scout Tower
53:11 Guard Tower
54:39 Guard Tower
122:26 Blacksmith
122:39 Farm
122:40 Farm
122:41 Farm
122:41 Farm
122:41 Farm
122:41 Farm
122:42 Farm
122:42 Farm
122:42 Farm
122:42 Farm
122:43 Farm
122:43 Farm
122:43 Farm
122:43 Farm
122:44 Farm
122:44 Farm
122:44 Farm
122:44 Farm
122:45 Farm
122:45 Farm
122:45 Farm
122:45 Farm
122:51 Farm
122:51 Farm
122:51 Farm
122:54 Farm
122:54 Farm
122:54 Farm
123:12 Workshop
123:12 Workshop
123:14 Workshop
» items
| Staff of Teleportation | 3 | |
| Boots of Speed | 2 | |
| Staff of Sanctuary | 3 | |
| Orb of Lightning | 3 | |
11 total
Chat log
(00:06 / All) the_zealot: T
(00:12 / All) TIMG4STRok: good Lucker
(00:12 / All) goblin2501: t
(00:15 / All) iggy_the_fisk: nerdfong
(00:15 / All) the_zealot: T
(00:17 / All) Icy.Knight: PROTOSS FTW
(00:20 / All) the_zealot: who else is top
(00:28 / All) Icy.Knight: B
(00:29 / All) goblin2501: me
(00:31 / All) goblin2501: T
(00:42 / All) the_zealot: mwah
(00:44 / All) Icy.Knight: BLUE ALLY ME
(00:51 / All) goblin2501: pink ally me
(00:55 / All) TIMG4STRok: Below Me.
(00:57 / All) iggy_the_fisk: :]
(00:59 / All) the_zealot: i did i jsut didnt shared vision
(01:00 / All) TIMG4STRok: say it fast shit breadth
(01:02 / Allies) bLinn:
(01:18 / All) TIMG4STRok: BRB
(01:19 / All) goblin2501: Are those names really neccesary
(01:35 / All) Icy.Knight: I HAVE TO USE THE BATHROOM CAN WE PAUSE IT
(01:37 / All) TIMG4STRok: thanks
(01:44 / All) PhoKuz: !SEC
(01:44 / All) TIMG4STRok: no stop
(01:46 / All) PhoKuz: WAIT
(01:49 / All) PhoKuz: HES POOPING
(01:49 / All) iggy_the_fisk: nope
(01:51 / All) TIMG4STRok: stop it NOW
(01:55 / All) PhoKuz: HES POOOOPING
(01:57 / All) bLinn: stop pooping, now. stop nooping, now.
(02:01 / All) TIMG4STRok: i got the fastest trigger
(02:05 / All) goblin2501: HES POOPING
(02:06 / All) PhoKuz: HESPOOPPING!
(02:08 / All) TIMG4STRok: STOP IT
(02:08 / All) PhoKuz: STOP!
(02:12 / All) PhoKuz: HES PPOPNG!
(02:13 / All) Icy.Knight: i have the biggest weiner you know
(02:24 / All) bLinn: he pinged at about 90 ms. poop ping.
(03:15 / All) TIMG4STRok: awfulble
(03:29 / All) Icy.Knight: you suck
(03:36 / All) TIMG4STRok: eat my crap loser
(03:48 / All) bLinn: hmm you would have thought a starcraft player would have better micro... heh
(04:06 / All) Icy.Knight: i dont play starcraft
(04:11 / All) BEAR_AND: maybe you should
(04:12 / All) Icy.Knight: i created it
(04:14 / All) BEAR_AND: you suck at war3
(04:15 / All) goblin2501: I have a micro----scopic weener
(05:02 / All) PhoKuz: JUKED
(05:17 / All) bLinn: oh sing us a song, you're the piano man... sing us a song... tonight
(05:31 / All) goblin2501: how much wood could a wood chop chop
(05:36 / Allies) bLinn: hahahah
(05:37 / All) bLinn: hhahaha
(05:43 / All) bLinn: you took the time to right that and nearly lost kigami...
(05:45 / All) bLinn: fool noop
(05:49 / All) TIMG4STRok: noob shit
(05:49 / All) goblin2501: almost killed my hero while I was typing
(06:01 / All) PhoKuz: Calm down kiddo
(06:05 / All) TIMG4STRok: leave retard
(06:10 / All) TIMG4STRok: you suck at this game.
(06:17 / All) bLinn: i felt a ritardando (you) at the start of the movement
(06:40 / All) bLinn: da capo al fine..
(16:55 / All) iggy_the_fisk: damn...
(17:02 / All) BEAR_AND: morbent fell down the fucking stairs
(23:30 / All) BEAR_AND: leave
(23:31 / All) BEAR_AND: quit
(23:32 / All) BEAR_AND: stop the game
(23:37 / All) bLinn: nice tp
(23:42 / All) BEAR_AND: make like an uberabaa and Stop
(23:57 / All) PhoKuz: We never give up
(24:02 / All) BEAR_AND: really
(24:06 / All) bLinn: hm... u will change ur tune in about 20 minutes
(24:06 / All) PhoKuz: really
(24:09 / All) BEAR_AND: i'll be whispering you that right after you quit the game
(24:19 / All) bLinn: ur new tune will be "i am the very model of a modern major general" by gilbert and sullivan..
(26:56 / All) goblin2501: LOL
(26:57 / All) PhoKuz: ROFL
(26:59 / All) PhoKuz: NOOBS
(27:01 / All) goblin2501: SO MANY GYROS
(27:15 / All) bLinn: DAMN... GOOD THING GYROS HAVE LIGHT ARMOUR.. WHICH TAKES EXTRA DAMAGE FROM TOWERS
(29:56 / All) BEAR_AND: yea.....no
(30:39 / All) BEAR_AND: how it feele
(30:59 / All) BEAR_AND: wat a matter?
(31:03 / All) BEAR_AND: lose 300food?
(31:13 / All) bLinn: NO.. IT WAS ONLY 290 LOL
(31:20 / All) Icy.Knight: LOL OMG FUNNY
(31:25 / All) Icy.Knight: 290 LOL
(31:37 / All) bLinn: dont cry,..; use your head-child
(31:50 / All) Icy.Knight: ok BLinn
(32:00 / All) iggy_the_fisk: HRM
(32:00 / All) BEAR_AND: bling
(32:04 / All) BEAR_AND: king bling
(32:09 / All) bLinn: wuttup playa
(32:17 / All) Icy.Knight: wutup my nigga
(32:21 / All) BEAR_AND: raceism
(33:13 / All) Icy.Knight: wuts a matter
(33:29 / All) bLinn: where'd u get ur degre;;,.. wassamatta U??
(33:31 / All) BEAR_AND: knight knight....
(33:42 / All) Icy.Knight: lol yeah
(33:45 / All) Icy.Knight: l2 spell
(36:23 / All) Icy.Knight: hmm
(36:31 / All) Icy.Knight: seems we have run out of gold
(36:44 / All) BEAR_AND: seemps i just killa zep w/ a lot in it
(36:57 / All) Icy.Knight: dont lie to me boy
(37:08 / All) BEAR_AND: i got a level.../...and a half
(37:20 / All) Icy.Knight: gratz
(38:48 / All) BEAR_AND: i thank ye
(38:53 / All) Icy.Knight: i thank ye
(40:22 / All) bLinn: do you like your prisons.?
(40:23 / All) BEAR_AND: u, i imprison
(40:28 / All) goblin2501: prisons?
(40:30 / All) BEAR_AND: Saithis, Warden, 2008
(40:40 / All) goblin2501: have you ever been sodomized
(40:50 / All) Icy.Knight: I declare victory in the land of Azzeroth.
(40:54 / All) BEAR_AND: a girl i was dating put 2 fingers in my ass in a shower once
(40:55 / All) Icy.Knight: GG fellas
(41:11 / All) bLinn: green, pink.. cast ur eyes to the lower right of the map
(41:15 / All) TIMG4STRok: im a girl hell yea
(41:16 / All) bLinn: your units have been imprisoned
(41:30 / All) bLinn: observe the fiend as i urinate upon it... mmhm
(41:50 / All) the_zealot: how u do that with the units
(44:27 / All) the_zealot: i have more gold
(44:33 / All) BEAR_AND: really
(44:33 / All) TIMG4STRok: really
(44:34 / All) iggy_the_fisk: lmao no noob
(44:40 / All) TIMG4STRok: i got 16701 and counting
(44:42 / All) bLinn: more gold.. than whom??
(44:44 / All) the_zealot: look
(44:49 / All) goblin2501: I have 2108
(44:51 / All) BEAR_AND: u name it
(44:53 / All) BEAR_AND: i look @ it
(44:55 / All) goblin2501: 21008*
(45:00 / All) bLinn: my gold is at a constant of 1618,,, the GOLDen number heh heh
(45:43 / All) BEAR_AND: lord lothar has been capture
(46:51 / All) BEAR_AND: lord lothar broke his spine upon exiting the kodo womb
(49:02 / All) BEAR_AND: what about.....a nacolyte?
(49:06 / All) BEAR_AND: eat de nacolyte
(50:48 / All) BEAR_AND: goul has been acaptioned
(51:01 / All) bLinn: and placed in a high prison.. for his lumber crimes
(51:02 / All) the_zealot: how u do that
(51:37 / All) BEAR_AND: a Repair Squadrant
(54:38 / All) iggy_the_fisk: ZOOOM
(55:40 / All) goblin2501: how long do you guys plan to keep playning
(55:47 / All) bLinn: until we have taken all of your units prisoner
(56:01 / All) goblin2501: My mommy said I need to go to bed soon
(56:20 / All) TIMG4STRok: my mommy said SUCK MY DFICK
(64:38 / All) Icy.Knight: GG DAWGS
(64:43 / All) bLinn: Hahaha
(64:44 / All) BEAR_AND: bye
(64:45 / All) BEAR_AND: leave
(64:56 / All) PhoKuz: As i said younh one "we never leave"
(65:05 / All) BEAR_AND: oh, well you will
(66:36 / All) BEAR_AND: gg bitchnoobs
(67:04 / All) BEAR_AND: your unit aprison....your siege we are blizzen
(67:10 / All) bLinn: at this point during an easy, ritualistic ownage I would usually say "quit, retard shitnoobs.." but I think that's implied
(67:23 / All) BEAR_AND: "nope
(67:24 / All) BEAR_AND: "
(67:28 / All) Icy.Knight: right...............
(67:51 / All) BEAR_AND: bye
(67:54 / All) BEAR_AND: "we never leave"
(68:02 / All) PhoKuz: Indeed
(68:04 / All) BEAR_AND: oh yes you do
(68:07 / All) Icy.Knight: lolololol
(68:13 / All) PhoKuz: Oh no we dont
(68:18 / All) Icy.Knight: grats you killed a useless expo
(68:27 / All) the_zealot: how did u teleport our units to lower right
(68:36 / All) BEAR_AND: prisonhack 3
(68:38 / All) bLinn: we took them prisoner
(68:41 / All) iggy_the_fisk: nooblor
(69:07 / All) BEAR_AND: grats you spent an hour losing in the worst way
(69:09 / All) BEAR_AND: to
(69:10 / All) BEAR_AND: towers
(69:18 / All) Icy.Knight: grats you spent an hour winning a game?
(69:31 / All) Icy.Knight: im glad winning and losing makes a big difference on time
(69:33 / All) TIMG4STRok: grats you spent an hour losing a game?
(70:16 / All) Icy.Knight: you fail at life just admit it
(71:02 / Allies) TIMG4STRok: my cat
(71:03 / Allies) TIMG4STRok: fucking
(71:05 / Allies) TIMG4STRok: chewed on my mic
(71:06 / Allies) TIMG4STRok: wire
(71:08 / Allies) TIMG4STRok: i think
(71:12 / Allies) TIMG4STRok: he was behind my computer
(71:48 / Allies) TIMG4STRok: yeah
(71:52 / Allies) TIMG4STRok: my cat fucking chewed my mic wire in half
(72:06 / Allies) TIMG4STRok: not now
(72:09 / Allies) TIMG4STRok: ill do it later or some shit
(72:20 / Allies) TIMG4STRok: fucK YOU
(72:27 / All) Icy.Knight: rofl this is funnyyy
(72:36 / Allies) TIMG4STRok: my cat likes to chew on plastic shit
(72:41 / All) Icy.Knight: im going to AFK farm AV now so have fun
(72:45 / Allies) TIMG4STRok: there was like a little plastic sticker on the wire
(72:52 / All) goblin2501: time to afk farm some AV
(72:56 / Allies) TIMG4STRok: soRRY
(72:59 / Allies) TIMG4STRok: habit
(73:01 / All) the_zealot: ive been farmoing av
(73:06 / All) PhoKuz: Who hasent?
(73:07 / All) BEAR_AND: what the fuck is fmarm av
(73:12 / All) the_zealot: world of warcraft
(73:14 / Allies) TIMG4STRok: i hit mute microphone binds
(73:15 / All) PhoKuz: ALTERAC VALLEY
(73:26 / Allies) TIMG4STRok: its some wow shit
(73:31 / Allies) TIMG4STRok: pvp
(73:33 / All) BEAR_AND: hmm dont play Nerdcraft sorry
(73:34 / All) goblin2501: the only thing you like erect is big black cock
(73:36 / All) BEAR_AND: just Warcraft
(73:41 / All) Icy.Knight: its funny when a nigger talks about prisons
(74:01 / All) bLinn: i look at ur head... i discover- ur terribald
(74:03 / Allies) TIMG4STRok: i think i canstrip this wire with a razor
(74:07 / Allies) TIMG4STRok: gonna be difficult........
(74:09 / Allies) TIMG4STRok: is mad thin
(74:12 / All) Icy.Knight: nice
(74:15 / All) Icy.Knight: props
(75:09 / All) BEAR_AND: not
(75:10 / All) BEAR_AND: going
(75:11 / All) BEAR_AND: to
(75:11 / All) BEAR_AND: save
(75:12 / All) BEAR_AND: you
(75:25 / All) Icy.Knight: sorry im afk i cant respond
(75:59 / All) BEAR_AND: Shadow Struck
(76:08 / All) Icy.Knight: Light Struck
(76:14 / All) BEAR_AND: ????
(76:15 / All) Icy.Knight: BAM
(76:32 / All) Icy.Knight: you know whats funny
(76:39 / All) Icy.Knight: this is my 8th gam
(76:40 / All) BEAR_AND: yueah owning on noobs like you
(76:41 / All) Icy.Knight: game
(76:49 / All) bLinn: you play like you're on your second game
(76:52 / All) Icy.Knight: you guys fuck
(77:02 / All) Icy.Knight: you play like you're on your first!
(77:06 / All) Icy.Knight: take that one!
(77:14 / All) bLinn: you don't... need to... emerge... from burrow
(79:58 / Allies) TIMG4STRok: could you hear me
(82:38 / All) BEAR_AND: lmfao
(82:39 / All) iggy_the_fisk: smart
(82:42 / All) BEAR_AND: staff cancels invult
(82:44 / All) Icy.Knight: lmao
(82:44 / All) bLinn: retart
(82:45 / All) BEAR_AND: learn something new
(82:47 / All) bLinn: jam retart.
(82:47 / All) BEAR_AND: noob shit
(82:59 / All) BEAR_AND: shut up * jam
(83:00 / All) Icy.Knight: <-------- 8TH GAME
(83:04 / All) BEAR_AND: yeah
(83:06 / All) BEAR_AND: well
(83:07 / All) BEAR_AND: last?
(83:15 / All) bLinn: uninstall "war craft 3."
(83:17 / All) Icy.Knight: maybe since this game will last forever
(83:28 / Allies) TIMG4STRok: brb gonna go into my basement get soime shit and fix this
(83:29 / All) goblin2501: this game will never end
(83:43 / All) bLinn: that is our plan..
(83:47 / All) bLinn: you are playing right into our hands
(83:57 / All) bLinn: especially if there's a joker in the pack- and there sometimes is!
(84:18 / All) Icy.Knight: nice
(84:24 / All) Icy.Knight: im glad your plan is working
(84:53 / Allies) BEAR_AND: stop attacking.....now
(84:57 / Allies) BEAR_AND: stop asnacking......now
(86:41 / All) BEAR_AND: fyi you turn them into shades first usually
(86:52 / All) iggy_the_fisk: using sacrifital pit building
(86:57 / All) PhoKuz: I dont have one
(87:01 / All) iggy_the_fisk: sacrifetal
(87:04 / All) iggy_the_fisk: yeah you do
(87:08 / All) goblin2501: l2spell
(87:08 / All) PhoKuz: no i dont
(88:34 / All) Icy.Knight: FUCKING OWNED BITCH
(88:37 / All) goblin2501: OWNED NIGGAZ
(88:39 / All) PhoKuz: ewww mommyyyyy ouch
(88:44 / All) Icy.Knight: GTFO MAH HOUSE
(88:58 / All) iggy_the_fisk: kill brought to you by iggy_the_fisk thank you visit www.highper.ch for more
(92:43 / All) BEAR_AND: peace
(93:40 / Allies) TIMG4STRok: OK
(93:41 / All) iggy_the_fisk: bye
(93:42 / Allies) TIMG4STRok: got the tape
(93:44 / Allies) TIMG4STRok: gonnan do this
(96:28 / All) bLinn: Q1. In what year did Monteverdi write Orfeo?
(96:41 / All) goblin2501: are you fuckin gay
(96:50 / All) BEAR_AND: if i was.....would u have an issue with dat
(96:57 / All) goblin2501: Yes
(98:56 / All) bLinn: hmm u have like what, 30 towers? we have over 9000...
(99:45 / All) bLinn: im gonna eat ur nacos bitch
(99:47 / All) bLinn: nacos and tacos
(99:56 / All) bLinn: eat these nacos like they were tacos
(101:14 / All) TIMG4STRok: yo YO guys
(101:19 / All) TIMG4STRok: my cat bit my mic wire in half
(101:26 / All) TIMG4STRok: i just spent like 15 minutes fixing it im back
(101:28 / All) TIMG4STRok: eat my shit breadth
(101:43 / All) Icy.Knight: gratz
(102:40 / Allies) iggy_the_fisk: 2 archers 2 ghouls 1 footman 1 fiend 1 acolyte 1 peon
(105:39 / Allies) TIMG4STRok: altar
(105:53 / All) BEAR_AND: rescue your priestess
(106:10 / Allies) TIMG4STRok: et al
(106:11 / All) BEAR_AND: run tree
(106:25 / Allies) bLinn: spin us a yarn
(106:26 / Allies) bLinn: tell us a yocke
(107:37 / All) TIMG4STRok: a sjörgismar, a vaarckentoslen and a tröjgart walk into a bar
(108:06 / All) bLinn: 2 hunter's hall? LOL NOOBS.
(108:12 / All) bLinn: NOBODY HAS EVER DONE THAT AND WON.
(108:27 / All) Icy.Knight: calm down
(108:33 / All) Icy.Knight: take some riddilin
(108:44 / Allies) iggy_the_fisk: tröja = sweater
(109:01 / Allies) iggy_the_fisk: å ä ö
(109:32 / All) BEAR_AND: no more pink heroes
(109:33 / All) BEAR_AND: byenoob
(110:01 / All) bLinn: damn.. aoe on your towers must be annoying
(111:06 / All) bLinn: ur time is running out. .
(111:17 / All) Icy.Knight: its about time
(111:18 / All) bLinn: u said... u told me u wud stay in this game 4eva
(111:25 / All) Icy.Knight: yeah
(111:30 / All) Icy.Knight: we arent leaving until we lose
(111:43 / All) BEAR_AND: you should have left when you first saw towers lmao
(111:44 / All) iggy_the_fisk: which was 5 minutes after the game started
(111:58 / All) Icy.Knight: no
(112:06 / All) Icy.Knight: because we just wasted your night
(112:09 / All) Icy.Knight: for 1 win
(112:17 / All) bLinn: and we wasted urs... and u got a loss
(112:19 / All) BEAR_AND: this is what we would do anyway,,,,,,,
(112:21 / All) Icy.Knight: nope
(112:25 / All) Icy.Knight: ive been playing WoW
(112:33 / All) bLinn: basically equivalent to sucking a big hairy duck
(112:34 / All) BEAR_AND: then nobody even needed to waste your night
(112:35 / All) PhoKuz: I got 75k HONOR YES
(112:35 / All) iggy_the_fisk: "waste of time"
(112:37 / All) BEAR_AND: you did it for yourself
(112:38 / All) BEAR_AND: gj
(112:50 / All) Icy.Knight: we lose in the battle of wit
(112:56 / All) Icy.Knight: so GTFO
(113:02 / All) TIMG4STRok: GG
(113:35 / All) BEAR_AND: ty for the help
(113:38 / All) bLinn: hahahahaha unsummon ur buildings nooboloid
(113:39 / All) BEAR_AND: in drestroying your bease
(113:42 / All) bLinn: youse ur head-child.
(113:56 / All) goblin2501: head-child?
(114:12 / All) Icy.Knight: i think we got some foreigners
(114:13 / All) bLinn: what we call someone's head who is a child
(114:22 / All) bLinn: the head; not the person
(114:23 / All) iggy_the_fisk: everybody's foreign to someone...
(114:25 / All) Icy.Knight: illigal immigrants to be exact
(114:29 / All) BEAR_AND: im in canada
(114:30 / All) bLinn: hnmmm racist and noobs?
(114:31 / All) BEAR_AND: impossible
(114:32 / All) bLinn: what a surprise.
(114:37 / All) iggy_the_fisk: a racist and a poor speller
(114:45 / All) bLinn: i'm in the united kingdom.. .we invent ur language
(114:51 / All) Icy.Knight: my spelling is poor but my name is Blinn
(115:06 / All) bLinn: no.. ur name is mud
(115:28 / All) TIMG4STRok: open your mouth
(115:30 / All) TIMG4STRok: i shit in it
(115:32 / All) TIMG4STRok: close your mouth
(115:34 / All) TIMG4STRok: enjoy
(115:59 / All) Icy.Knight: nice
(116:07 / All) Icy.Knight: time to put this replay on the forums
(116:16 / All) Icy.Knight: and rofl at you !!!
(116:17 / All) TIMG4STRok: sweet upload it to www.highper.ch
(116:19 / All) iggy_the_fisk: www.highper.ch
(116:24 / All) iggy_the_fisk: free upload
(116:29 / All) iggy_the_fisk: on www.highper.ch
(116:39 / All) Icy.Knight: alright iggy
(116:41 / All) Icy.Knight: i will
(116:47 / All) iggy_the_fisk: can be posted on all forums illigal and ligitimiti
(117:38 / All) TIMG4STRok: how u feel my paladin stronger than your paladin in wow ever be
(118:03 / All) TIMG4STRok: STRIKE WITH GREAT VENGEANCE!
(118:54 / All) PhoKuz: Gg
(122:05 / All) Icy.Knight: having fun?
(122:13 / All) TIMG4STRok: sucking my dick
(122:14 / All) bLinn: yes, u will be legendary
(122:19 / All) bLinn: owned very hard and all your unit prisoners
(122:24 / All) the_zealot: we are going to make our comback nw
(122:28 / All) Icy.Knight: i already am legendary
(123:18 / All) Icy.Knight: GG
(123:23 / All) Icy.Knight: NOT REALLY
(123:28 / All) iggy_the_fisk: yeah 2ez
(123:29 / All) Icy.Knight: roflroflrofl
(123:36 / All) TIMG4STRok: NOT RALLY!shut upo and resume your position on my dick shit noob
(123:45 / All) Icy.Knight: NICE
(123:51 / All) TIMG4STRok: BUIH BYE
(123:55 / All) Icy.Knight: BAI
(123:59 / All) Icy.Knight: NOT REALLY
(124:02 / All) Icy.Knight: ROFLROFLROFL
(124:09 / All) bLinn: for what purpose do i chemical rage
(124:13 / All) BEAR_AND: one prisoner takes his own life
(124:43 / All) TIMG4STRok: NAY
(124:44 / All) bLinn: LET HIM LIVE
(124:44 / All) the_zealot: NOOOOOOOOOOOOOOOOOO
(124:45 / All) iggy_the_fisk: Prisoner will witness
(124:47 / All) iggy_the_fisk: your defeat
(124:48 / All) the_zealot: JK
(125:10 / All) Icy.Knight: GUYS JUST LEAVE
(125:14 / All) TIMG4STRok: peacies
(125:15 / All) Icy.Knight: YOU DONT STAND A CHANCE
(127:39 / All) Icy.Knight: GYROS WTF
(127:43 / All) Icy.Knight: THATS MY STRAT